AoeStats
← Haydar-ı Kerrar

Arabia

507131786Analyzed
1v1 RM · 15d ago on Sep 16, 2026· 62m 50s· 2 players
Game mode
Random Map
Map size
Tiny (2 player)
Population
200
Speed
Normal
Resources
Standard
Victory
Conquest
Starting age
Dark Age
Ending age
Imperial Age
RankedLock teamsTeams togetherTeam positionsShared explorationLock speedFull tech treeHidden civsTurbo modeCheats
Victory
Defeat
🇩🇪 Romans · Germany
973
+16
🇹🇷 Teutons · Türkiye
970
-16
Haydar-ı Kerrar
9:02 Loom
10:47 Feudal Age
11:48 Double-Bit Axe
16:35 Castle Age
15:56 Bloodlines
15:58 Forging
18:11 Scale Barding Armor
19:39 Horse Collar
25:00 Gold Mining
25:19 Stone Mining
27:32 Wheelbarrow
26:42 Town Watch
27:52 Iron Casting
28:59 Hand Cart
33:51 Imperial Age
31:22 Scale Mail Armor
31:56 Bow Saw
31:49 Heavy Plow
33:56 Chain Mail Armor
34:01 Chain Barding Armor
34:58 Conscription
35:31 Cavalier
37:14 Blast Furnace
36:44 Plate Mail Armor
38:36 Elite Teutonic Knight
41:27 Plate Barding Armor
43:15 Stone Shaft Mining
44:47 Paladin
49:59 Town Patrol
Wurzeltier
3:56 Loom
4:44 Loom
9:53 Feudal Age
10:19 Double-Bit Axe
10:15 Horse Collar
13:08 Wheelbarrow
12:25 Man-at-Arms
18:06 Castle Age
16:47 Man-at-Arms
17:48 Forging
18:57 Heavy Plow
19:10 Bow Saw
19:14 Pikeman
20:12 Scale Mail Armor
22:04 Gold Mining
22:38 Stone Mining
23:38 Chain Mail Armor
25:40 Gold Shaft Mining
26:21 Hand Cart
28:13 Squires
29:33 Murder Holes
32:19 Imperial Age
30:14 Ballistics
30:05 Masonry
30:09 Scale Barding Armor
31:27 Iron Casting
31:22 Husbandry
34:39 Town Watch
35:28 Architecture
35:03 Siege Engineers
36:01 Chemistry
34:24 Long Swordsman
36:16 Crop Rotation
36:34 Architecture
35:33 Heavy Scorpion
36:45 Town Patrol
37:00 Bloodlines
36:11 Light Cavalry
37:39 Conscription
37:27 Ballistas
37:04 Legionary
40:57 Blast Furnace
40:37 Scale Barding Armor
42:35 Fletching
44:39 Chain Barding Armor
48:21 Halberdier
52:16 Elite Skirmisher
53:55 Cavalier
54:12 Elite Centurion
Connection lost

Rejoining the realm…

Still unreachable

The connection could not be restored.

Session expired

The server has moved on; the page needs a fresh start.